 Dungeon Crawl Stone Soup version 0.29.0-4-gdea44cf6ec (webtiles) character file.

Game seed: 13317097232745617079

8677 qw the Brawler (level 11, -6/105 HPs)
             Began as a Troll Cinder Acolyte on Sept 1, 2022.
             Was an Elder of Ignis.
             Mangled by an unseen horror (9 damage)
             ... on level 10 of the Dungeon.
             The game lasted 00:04:30 (7610 turns).

qw the Brawler (Troll Cinder Acolyte)               Turns: 7610, Time: 00:04:31

Health: -6/105     AC: 12    Str: 28    XL:     11   Next: 13%
Magic:  12/12      EV:  9    Int: 10    God:    Ignis [****..]
Gold:   558        SH:  0    Dex:  5    Spells: 12/12 levels left

rFire   + . .      SeeInvis .     - Unarmed
rCold   . . .      Faith    .   (no shield)
rNeg    . . .      Spirit   .   q - +1 acid dragon scales
rPois   +          Reflect  .   (helmet restricted)
rElec   .          Harm     .   j - +0 cloak
rCorr   +          Rampage  .   (gloves unavailable)
Will    .....                   (boots unavailable)
Stlth   ..........              o - amulet of Xonuvah {RegenMP +Inv rPois}
HPRegen 1.07/turn               a - +4 ring of slaying {mikee}
MPRegen 0.53/turn               (no ring)

@: no status effects
A: large, unfitting armour, claws 3, regeneration 1, shaggy fur 1, tough skin 1,
talons 1, iridescent scales 1, high MP 1
a: Renounce Religion, Evoke Invisibility, Fiery Armour, Foxfire Swarm, Rising
Flame


You were on level 10 of the Dungeon.
You worshipped Ignis.
Ignis was greatly pleased with you.
You visited 1 branch of the dungeon, and saw 10 of its levels.
You also visited: Ossuary.

You collected 558 gold pieces.


Innate Abilities, Weirdness & Mutations

You are too large for most types of armour.
You have claws for hands.
Your natural rate of healing is unusually fast.
You are covered in fur. (AC +1)
You have tough skin. (AC +1)
You have sharp toenails.
You are partially covered in iridescent scales. (AC +2)
You have an increased reservoir of magic. (+10% MP)


   Skills:
 - Level 6.0 Fighting
 - Level 3.2 Throwing
 - Level 3.0 Armour
 - Level 1.6 Dodging
 + Level 15.0 Unarmed Combat
 - Level 1.0 Spellcasting
 - Level 2.1 Fire Magic


You had 12 spell levels left.
You didn't know any spells.
Your spell library contained the following spells:

 Spells                   Type           Power      Damage    Failure   Level
 Scorch                   Fire           8%         2d5       26%         2

Inventory:

Missiles
 e - 6 boomerangs (quivered)
Armour
 j - a +0 cloak (worn)
 q - +1 acid dragon scales (worn)
Jewellery
 a - a +4 ring of slaying (left claw) {mikee}
 k - an amulet of regeneration
 o - the amulet of Xonuvah (around neck) {RegenMP +Inv rPois}
   (You found it on level 5 of the Dungeon)

   [amulet of magic regeneration]

   It increases your rate of magic regeneration.
   rPois:     It protects you from poison.
   +Inv:      It lets you turn invisible.
Scrolls
 d - 4 scrolls of teleportation
 f - 4 scrolls of identify
 g - 3 scrolls of enchant weapon
 n - a scroll of brand weapon
 r - 3 scrolls of acquirement {unknown}
Potions
 b - a potion of curing
 c - 3 potions of mutation
 h - 2 potions of resistance
 i - a potion of heal wounds
 l - 3 potions of might
 m - a potion of haste

Dungeon Overview and Level Annotations

Branches:
Dungeon (10/15)            Temple (0/1) D:4             Orc (0/2) D:10
Ossuary (visited)
   Lair: D:8-11

Altars:
Cheibriados
Dithmenos
Elyvilon
Fedhas
Hepliaklqana
Kikubaaqudgha
Makhleb
Nemelex Xobeh
Okawaru
Sif Muna
Trog
Uskayaw
Yredelemnul
The Shining One

Annotations:
D:4 1 runed translucent door, qw's ghost, amateur TeWr
D:5 2 transporters, qw's ghost, amateur TrCA
D:7 3 runed translucent doors, qw's ghost, novice TrCA


Message History

7588 ||| FLEEEEING.
Something hits you but does no damage. Something hits you!
Something hits you but does no damage.
7589 ||| FLEEEEING.
Something hits you but does no damage.
7590 ||| FLEEEEING.
Something hits you!
7591 ||| FLEEEEING.
7592 ||| FLEEEEING.
Something hits you but does no damage.
7593 ||| FLEEEEING.
Something completely misses you. Something hits you but does no damage.
Things that are here:
a +0 dagger; a +0 robe; an orc skeleton
7594 ||| FLEEEEING.
Something hits you but does no damage. Something hits you but does no damage.
7595 ||| FLEEEEING.
7596 ||| FLEEEEING.
Something hits you.
Something hits you but does no damage. x2
Something hits you. Something hits you but does no damage.
There is an open door here.
Something hits you but does no damage. Something hits you but does no damage.
Something hits you but does no damage.
Something hits you but does no damage. x2
Something hits you but does no damage.
7604 ||| FLEEEEING.
Something hits you. Something hits you but does no damage.
7605 ||| FLEEEEING.
Something hits you. Something hits you but does no damage.
There is an open door here.
Something hits you. Something hits you but does no damage. Something hits you.
Something hits you. x2
Something hits you. Something hits you but does no damage. Something hits you!
You die...

#..#...##.#
#..#......#
###/.#+##...# .#
#.......#...#
...#######'#...#
..............#
####....###[..#
####....###...#
........@......#
..............?#
######.........#
.............#
##########...#
#...# #...#
#...# #.#.#


There were no monsters in sight!

Vanquished Creatures
  3 two-headed ogres (D:9)
  A kobold demonologist (D:9)
  Maggie (D:8)
  A troll (D:10)
  A shadow (D:9)
  A wyvern (D:9)
  A vampire (D:9)
  11 yaks
  A steam dragon (D:7)
  2 water moccasins
  An orc warrior (D:9)
  4 black bears
  3 sky beasts
  3 ogres
  3 centaurs
  A phantom (D:5)
  4 kobold brigands
  5 elf zombies (Ossuary)
  4 bullfrogs
  Blork the orc (D:4)
  2 necrophages
  A gnoll sergeant (D:9)
  5 scorpions
  2 centaur zombies (Ossuary)
  2 hounds
  4 jellies
  3 orc priests
  Terence (D:2)
  5 human zombies (Ossuary)
  3 iguanas
  8 orc wizards
  3 mummies (Ossuary)
  Robin (D:3)
  10 gnolls
  6 adders
  2 shadow imps
  A white imp (D:6)
  A worm (D:2)
  29 orcs
  7 endoplasms
  2 giant cockroaches
  11 goblins
  9 hobgoblins
  4 jackals
  4 quokkas
  7 ball pythons
  6 bats
  19 kobolds
  4 rats
214 creatures vanquished.

Notes
Turn   | Place    | Note
-------+----------+-------------------------------------------
     0 | D:1      | qw the Troll Cinder Acolyte began the quest for the Orb.
     0 | D:1      | Reached XP level 1. HP: 22/22 MP: 1/1
     0 | D:1      | 0 ||| qw: Version: 0.1-a-97-g2dd2ca4
     0 | D:1      | 0 ||| qw: Game counter: 4689
     0 | D:1      | 0 ||| qw: Always use a shield: true
     0 | D:1      | 0 ||| qw: God list: Okawaru
     0 | D:1      | 0 ||| qw: Allow faded altars: false
     0 | D:1      | 0 ||| qw: Do Orc after D:15 true
     0 | D:1      | 0 ||| qw: Do second Lair branch before Depths: true
     0 | D:1      | 0 ||| qw: Lair rune preference: random
     0 | D:1      | 0 ||| qw: Plans: Normal
     0 | D:1      | 0 ||| PLANNING D:1-11
    22 | D:1      | 22 ||| Stepping ~*~*~tactically~*~*~ (stealth).
    28 | D:1      | 28 ||| Stepping ~*~*~tactically~*~*~ (stealth).
   190 | D:1      | Reached XP level 2. HP: 29/29 MP: 2/2
   608 | D:1      | Reached skill level 4 in Unarmed Combat
   672 | D:1      | 672 ||| READING scroll labelled AGOAQU UPEESU.
   673 | D:1      | 673 ||| READING 2 scrolls labelled KAONOL OSME.
   702 | D:1      | 702 ||| READING scroll labelled AMIDIUL MULIQ BOE.
   746 | D:1      | 746 ||| READING scroll labelled RUATZO KYTSECK.
   831 | D:2      | Reached XP level 3. HP: 36/36 MP: 3/3
   914 | D:2      | 914 ||| Stepping ~*~*~tactically~*~*~ (stealth).
   948 | D:2      | Noticed Terence
   950 | D:2      | Killed Terence
  1044 | D:2      | Reached skill level 5 in Unarmed Combat
  1044 | D:2      | Reached XP level 4. HP: 41/44 MP: 4/4
  1123 | D:2      | Identified the +3 short sword "Umoq" {vorpal, *Slow rElec
                  | rC+++ rN+}
  1251 | D:2      | 1251 ||| READING scroll labelled AWKIQA FELA.
  1252 | D:2      | 1252 ||| DRINKING 2 viscous golden potions.
  1252 | D:2      | Gained mutation: You have sharp toenails. [potion of
                  | mutation]
  1252 | D:2      | Gained mutation: You have an increased reservoir of magic.
                  | (+10% MP) [potion of mutation]
  1252 | D:2      | Gained mutation: You are partially covered in iridescent
                  | scales. (AC +2) [potion of mutation]
  1264 | D:2      | 1264 ||| READING 2 scrolls of identify.
  1264 | D:2      | 1264 ||| IDENTIFYING inky potion
  1280 | D:3      | 1280 ||| INVOKING Fiery Armour.
  1335 | D:3      | 1335 ||| Stepping ~*~*~tactically~*~*~ (outnumbered).
  1336 | D:3      | 1336 ||| Stepping ~*~*~tactically~*~*~ (outnumbered).
  1340 | D:3      | 1340 ||| Stepping ~*~*~tactically~*~*~ (outnumbered).
  1347 | D:3      | Noticed Robin
  1352 | D:3      | 1352 ||| Stepping ~*~*~tactically~*~*~ (outnumbered).
  1353 | D:3      | 1353 ||| Stepping ~*~*~tactically~*~*~ (outnumbered).
  1357 | D:3      | Killed Robin
  1358 | D:3      | 1358 ||| Stepping ~*~*~tactically~*~*~ (outnumbered).
  1377 | D:3      | Found a faded altar of an unknown god.
  1568 | D:3      | Reached XP level 5. HP: 50/50 MP: 6/6
  1667 | D:3      | Found a white marble altar of Elyvilon.
  1805 | D:3      | Found a hide-covered altar of Uskayaw.
  1810 | D:3      | Found a bloodstained altar of Trog.
  1818 | D:3      | Found a shimmering blue altar of Sif Muna.
  1819 | D:3      | Found a sparkling altar of Nemelex Xobeh.
  1819 | D:3      | Found a blossoming altar of Fedhas.
  1819 | D:3      | Found an iron altar of Okawaru.
  1819 | D:3      | Found a snail-covered altar of Cheibriados.
  1819 | D:3      | Found a glowing golden altar of the Shining One.
  1824 | D:3      | Found a shadowy altar of Dithmenos.
  1825 | D:3      | Found a hazy altar of Hepliaklqana.
  1826 | D:3      | Found a burning altar of Makhleb.
  1913 | D:3      | Found a basalt altar of Yredelemnul.
  2054 | D:4      | 2054 ||| PLANNING OSSUARY
  2058 | D:4      | 2058 ||| Stepping ~*~*~tactically~*~*~ (outnumbered).
  2060 | D:4      | 2060 ||| Stepping ~*~*~tactically~*~*~ (outnumbered).
  2062 | D:4      | 2062 ||| Stepping ~*~*~tactically~*~*~ (outnumbered).
  2063 | D:4      | 2063 ||| Stepping ~*~*~tactically~*~*~ (outnumbered).
  2064 | D:4      | 2064 ||| Stepping ~*~*~tactically~*~*~ (hiding).
  2065 | D:4      | 2065 ||| Stepping ~*~*~tactically~*~*~ (outnumbered).
  2066 | D:4      | 2066 ||| Stepping ~*~*~tactically~*~*~ (outnumbered).
  2067 | D:4      | 2067 ||| INVOKING Fiery Armour.
  2068 | D:4      | 2068 ||| Stepping ~*~*~tactically~*~*~ (outnumbered).
  2068 | D:4      | Noticed a black bear
  2069 | D:4      | 2069 ||| Stepping ~*~*~tactically~*~*~ (outnumbered).
  2072 | D:4      | 2072 ||| Stepping ~*~*~tactically~*~*~ (outnumbered).
  2073 | D:4      | 2073 ||| Stepping ~*~*~tactically~*~*~ (outnumbered).
  2074 | D:4      | 2074 ||| Stepping ~*~*~tactically~*~*~ (hiding).
  2075 | D:4      | Killed a black bear
  2076 | D:4      | Reached skill level 6 in Unarmed Combat
  2078 | D:4      | Noticed an ogre
  2082 | D:4      | Reached skill level 7 in Unarmed Combat
  2082 | D:4      | Reached XP level 6. HP: 41/59 MP: 7/7
  2084 | D:4      | HP: 14/59 [ogre/+0 giant spiked club (22)]
  2085 | D:4      | 2085 ||| READING 2 scrolls of teleportation.
  2088 | D:4      | Found a sand-covered staircase.
  2135 | Ossuary  | Entered an ossuary
  2158 | Ossuary  | Reached skill level 8 in Unarmed Combat
  2158 | Ossuary  | Reached XP level 7. HP: 62/66 MP: 8/8
  2169 | Ossuary  | Reached skill level 3 in Fighting
  2185 | Ossuary  | 2185 ||| Stepping ~*~*~tactically~*~*~ (stealth).
  2188 | Ossuary  | 2188 ||| Stepping ~*~*~tactically~*~*~ (stealth).
  2189 | Ossuary  | 2189 ||| Stepping ~*~*~tactically~*~*~ (stealth).
  2190 | Ossuary  | 2190 ||| Stepping ~*~*~tactically~*~*~ (stealth).
  2306 | Ossuary  | Reached skill level 9 in Unarmed Combat
  2320 | Ossuary  | Reached skill level 1 in Throwing
  2330 | Ossuary  | Reached skill level 1 in Dodging
  2330 | Ossuary  | Reached XP level 8. HP: 75/75 MP: 9/9
  2333 | Ossuary  | 2333 ||| READING scroll labelled IPIDUE IMOFEU.
  2334 | Ossuary  | 2334 ||| READING 2 scrolls labelled ECWOSO INNAASU.
  2335 | Ossuary  | 2335 ||| DRINKING 2 ruby potions.
  2336 | Ossuary  | 2336 ||| DRINKING 2 blue potions.
  2337 | Ossuary  | 2337 ||| DROPPING potion of invisibility.
  2338 | Ossuary  | 2338 ||| DROPPING potion of degeneration.
  2339 | Ossuary  | 2339 ||| DROPPING scroll of vulnerability.
  2349 | D:4      | 2349 ||| PLANNING D:1-11
  2353 | D:4      | 2353 ||| Stepping ~*~*~tactically~*~*~ (stealth).
  2354 | D:4      | 2354 ||| Stepping ~*~*~tactically~*~*~ (stealth).
  2356 | D:4      | 2356 ||| Stepping ~*~*~tactically~*~*~ (stealth).
  2376 | D:4      | 2376 ||| Stepping ~*~*~tactically~*~*~ (stealth).
  2378 | D:4      | 2378 ||| Stepping ~*~*~tactically~*~*~ (stealth).
  2379 | D:4      | 2379 ||| Stepping ~*~*~tactically~*~*~ (stealth).
  2383 | D:4      | 2383 ||| Stepping ~*~*~tactically~*~*~ (stealth).
  2385 | D:4      | 2385 ||| Stepping ~*~*~tactically~*~*~ (stealth).
  2388 | D:4      | 2388 ||| Stepping ~*~*~tactically~*~*~ (stealth).
  2391 | D:4      | 2391 ||| Stepping ~*~*~tactically~*~*~ (stealth).
  2395 | D:4      | 2395 ||| Stepping ~*~*~tactically~*~*~ (hiding).
  2402 | D:4      | 2402 ||| FLEEEEING.
  2429 | D:4      | 2429 ||| Stepping ~*~*~tactically~*~*~ (stealth).
  2430 | D:4      | 2430 ||| Stepping ~*~*~tactically~*~*~ (stealth).
  2432 | D:4      | 2432 ||| INVOKING Fiery Armour.
  2433 | D:4      | 2433 ||| Stepping ~*~*~tactically~*~*~ (outnumbered).
  2434 | D:4      | 2434 ||| Stepping ~*~*~tactically~*~*~ (outnumbered).
  2436 | D:4      | 2436 ||| Stepping ~*~*~tactically~*~*~ (hiding).
  2551 | D:4      | 2551 ||| Invisible monster not found???
  2581 | D:4      | Noticed Blork the orc
  2582 | D:4      | 2582 ||| Stepping ~*~*~tactically~*~*~ (hiding).
  2588 | D:4      | Killed Blork the orc
  2589 | D:4      | 2589 ||| FLEEEEING.
  2590 | D:4      | 2590 ||| FLEEEEING.
  2591 | D:4      | 2591 ||| FLEEEEING.
  2592 | D:4      | 2592 ||| FLEEEEING.
  2593 | D:4      | 2593 ||| FLEEEEING.
  2594 | D:4      | 2594 ||| FLEEEEING.
  2595 | D:4      | 2595 ||| FLEEEEING.
  2596 | D:4      | 2596 ||| FLEEEEING.
  2597 | D:4      | 2597 ||| FLEEEEING.
  2598 | D:4      | 2598 ||| FLEEEEING.
  2599 | D:4      | 2599 ||| FLEEEEING.
  2600 | D:4      | 2600 ||| FLEEEEING.
  2601 | D:4      | 2601 ||| FLEEEEING.
  2602 | D:4      | 2602 ||| FLEEEEING.
  2604 | D:4      | 2604 ||| FLEEEEING.
  2605 | D:4      | 2605 ||| FLEEEEING.
  2607 | D:4      | 2607 ||| FLEEEEING.
  2693 | D:4      | 2693 ||| DRINKING 2 potions of curing.
  2693 | D:4      | 2693 ||| (to cure confusion)
  2753 | D:4      | Found a staircase to the Ecumenical Temple.
  2764 | D:4      | 2764 ||| Stepping ~*~*~tactically~*~*~ (outnumbered).
  2765 | D:4      | 2765 ||| Stepping ~*~*~tactically~*~*~ (outnumbered).
  2766 | D:4      | 2766 ||| Stepping ~*~*~tactically~*~*~ (outnumbered).
  2767 | D:4      | 2767 ||| Stepping ~*~*~tactically~*~*~ (outnumbered).
  2853 | D:4      | Reached skill level 10 in Unarmed Combat
  3059 | D:4      | Found a runed translucent door.
  3059 | D:4      | Noticed qw's ghost (amateur TeWr)
  3063 | D:4      | 3063 ||| READING scroll labelled URUCLYATWA.
  3064 | D:4      | 3064 ||| DRINKING 2 fizzy clear potions.
  3065 | D:4      | 3065 ||| DRINKING 2 green potions.
  3066 | D:4      | 3066 ||| READING 2 scrolls of identify.
  3066 | D:4      | 3066 ||| IDENTIFYING golden potion
  3067 | D:4      | 3067 ||| DROPPING potion of attraction.
  3082 | D:5      | Entered Level 5 of the Dungeon
  3211 | D:5      | 3211 ||| Stepping ~*~*~tactically~*~*~ (stealth).
  3213 | D:5      | 3213 ||| Stepping ~*~*~tactically~*~*~ (stealth).
  3215 | D:5      | 3215 ||| Stepping ~*~*~tactically~*~*~ (stealth).
  3221 | D:5      | 3221 ||| Stepping ~*~*~tactically~*~*~ (outnumbered).
  3289 | D:5      | 3289 ||| Stepping ~*~*~tactically~*~*~ (outnumbered).
  3290 | D:5      | 3290 ||| Stepping ~*~*~tactically~*~*~ (outnumbered).
  3291 | D:5      | 3291 ||| Stepping ~*~*~tactically~*~*~ (outnumbered).
  3292 | D:5      | 3292 ||| Stepping ~*~*~tactically~*~*~ (outnumbered).
  3293 | D:5      | 3293 ||| Stepping ~*~*~tactically~*~*~ (outnumbered).
  3294 | D:5      | 3294 ||| Stepping ~*~*~tactically~*~*~ (outnumbered).
  3318 | D:5      | Found a transporter.
  3350 | D:5      | 3350 ||| Stepping ~*~*~tactically~*~*~ (hiding).
  3352 | D:5      | 3352 ||| Stepping ~*~*~tactically~*~*~ (outnumbered).
  3440 | D:5      | 3440 ||| Stepping ~*~*~tactically~*~*~ (stealth).
  3498 | D:5      | Reached skill level 11 in Unarmed Combat
  3498 | D:5      | Reached XP level 9. HP: 80/84 MP: 10/10
  3548 | D:5      | Identified the amulet of Xonuvah {RegenMP +Inv rPois}
  3585 | D:5      | Found a transporter.
  3606 | D:5      | Noticed qw's ghost (amateur TrCA)
  3769 | D:5      | 3769 ||| UPGRADING to +0 cloak.
  3774 | D:5      | 3774 ||| UPGRADING to amulet of Xonuvah {RegenMP +Inv
                  | rPois}.
  3779 | D:5      | 3779 ||| READING scroll labelled YZIKHA FUZOICI.
  3780 | D:5      | 3780 ||| READING 4 scrolls of identify.
  3780 | D:5      | 3780 ||| IDENTIFYING murky amethyst potion
  3781 | D:5      | 3781 ||| READING 3 scrolls of identify.
  3781 | D:5      | 3781 ||| IDENTIFYING purple potion
  3782 | D:5      | 3782 ||| READING 2 scrolls of identify.
  3782 | D:5      | 3782 ||| IDENTIFYING puce potion
  3783 | D:5      | 3783 ||| DROPPING potion of flight.
  3921 | D:6      | 3921 ||| Stepping ~*~*~tactically~*~*~ (hiding).
  4000 | D:6      | 4000 ||| Stepping ~*~*~tactically~*~*~ (stealth).
  4027 | D:6      | 4027 ||| Stepping ~*~*~tactically~*~*~ (hiding).
  4030 | D:6      | 4030 ||| Stepping ~*~*~tactically~*~*~ (hiding).
  4292 | D:6      | Found an ancient bone altar of Kikubaaqudgha.
  4334 | D:6      | 4334 ||| READING scroll labelled ZUOLIQ VEATATEAG.
  4378 | D:7      | 4378 ||| STAIRDANCE
  4384 | D:7      | 4384 ||| STAIRDANCE
  4498 | D:7      | Reached skill level 12 in Unarmed Combat
  4586 | D:7      | 4586 ||| Stepping ~*~*~tactically~*~*~ (hiding).
  4952 | D:7      | Found a runed translucent gate.
  4952 | D:7      | Identified the +9 plate armour of Inviolability {rElec rN+
                  | Int+3 Slay-2}
  4952 | D:7      | Noticed qw's ghost (novice TrCA)
  4953 | D:7      | Found a runed translucent gate.
  4954 | D:7      | Found a runed translucent gate.
  5047 | D:7      | 5047 ||| DROPPING amulet of guardian spirit.
  5048 | D:7      | 5048 ||| READING scroll labelled LUROTAKLEI.
  5395 | D:8      | 5395 ||| Stepping ~*~*~tactically~*~*~ (hiding).
  5584 | D:8      | Noticed Maggie
  5592 | D:8      | Killed Maggie
  5605 | D:8      | Reached skill level 13 in Unarmed Combat
  5769 | D:8      | Reached skill level 1 in Armour
  6012 | D:8      | 6012 ||| UPGRADING to +0 acid dragon scales.
  6022 | D:8      | 6022 ||| DROPPING +0 robe.
  6023 | D:8      | 6023 ||| READING scroll labelled JIUNLA SOMYCHERE.
  6102 | D:9      | 6102 ||| Stepping ~*~*~tactically~*~*~ (stealth).
  6111 | D:9      | 6111 ||| Stepping ~*~*~tactically~*~*~ (outnumbered).
  6223 | D:9      | Noticed a kobold demonologist
  6228 | D:9      | 6228 ||| Stepping ~*~*~tactically~*~*~ (outnumbered).
  6230 | D:9      | 6230 ||| INVOKING Fiery Armour.
  6231 | D:9      | 6231 ||| Stepping ~*~*~tactically~*~*~ (stealth).
  6235 | D:9      | Reached XP level 10. HP: 96/96 MP: 11/11
  6242 | D:9      | 6242 ||| Stepping ~*~*~tactically~*~*~ (outnumbered).
  6245 | D:9      | Noticed a soul eater
  6292 | D:9      | Noticed a two-headed ogre
  6299 | D:9      | Killed a two-headed ogre
  6329 | D:9      | Noticed a two-headed ogre
  6336 | D:9      | Killed a two-headed ogre
  6337 | D:9      | Reached skill level 14 in Unarmed Combat
  6463 | D:9      | Noticed a two-headed ogre
  6470 | D:9      | Killed a two-headed ogre
  6471 | D:9      | Reached skill level 6 in Fighting
  6536 | D:9      | 6536 ||| Stepping ~*~*~tactically~*~*~ (hiding).
  6537 | D:9      | 6537 ||| Stepping ~*~*~tactically~*~*~ (hiding).
  6573 | D:9      | 6573 ||| Stepping ~*~*~tactically~*~*~ (stealth).
  6584 | D:9      | 6584 ||| FLEEEEING.
  6636 | D:9      | 6636 ||| Stepping ~*~*~tactically~*~*~ (stealth).
  6637 | D:9      | 6637 ||| Stepping ~*~*~tactically~*~*~ (stealth).
  6649 | D:9      | 6649 ||| Stepping ~*~*~tactically~*~*~ (hiding).
  6652 | D:9      | 6652 ||| Stepping ~*~*~tactically~*~*~ (stealth).
  6655 | D:9      | 6655 ||| FLEEEEING.
  6659 | D:9      | 6659 ||| FLEEEEING.
  6660 | D:9      | 6660 ||| FLEEEEING.
  6661 | D:9      | 6661 ||| FLEEEEING.
  6678 | D:9      | 6678 ||| DRINKING 2 potions of curing.
  6678 | D:9      | 6678 ||| (to cure confusion)
  6691 | D:9      | 6691 ||| Stepping ~*~*~tactically~*~*~ (stealth).
  6707 | D:9      | 6707 ||| Stepping ~*~*~tactically~*~*~ (stealth).
  6711 | D:9      | 6711 ||| Stepping ~*~*~tactically~*~*~ (stealth).
  6714 | D:9      | 6714 ||| Stepping ~*~*~tactically~*~*~ (stealth).
  6719 | D:9      | Reached skill level 3 in Throwing
  6727 | D:9      | 6727 ||| FLEEEEING.
  7049 | D:9      | 7049 ||| Stepping ~*~*~tactically~*~*~ (stealth).
  7104 | D:9      | Reached XP level 11. HP: 105/105 MP: 12/12
  7212 | D:9      | 7212 ||| UPGRADING to +4 ring of slaying {mikee}.
  7213 | D:9      | 7213 ||| READING 5 scrolls of identify.
  7213 | D:9      | 7213 ||| IDENTIFYING bubbling clear potion
  7214 | D:9      | 7214 ||| DROPPING potion of lignification.
  7257 | D:10     | Entered Level 10 of the Dungeon
  7435 | D:10     | Reached skill level 15 in Unarmed Combat
  7454 | D:10     | 7454 ||| READING scroll of enchant armour.
  7454 | D:10     | 7454 ||| ENCHANTING +0 acid dragon scales.
  7507 | D:10     | Found a staircase to the Orcish Mines.
  7546 | D:10     | Reached skill level 3 in Armour
  7549 | D:10     | 7549 ||| Stepping randomly (disturbance).
  7553 | D:10     | 7553 ||| FLEEEEING.
  7554 | D:10     | 7554 ||| FLEEEEING.
  7555 | D:10     | 7555 ||| FLEEEEING.
  7556 | D:10     | 7556 ||| FLEEEEING.
  7557 | D:10     | 7557 ||| FLEEEEING.
  7558 | D:10     | 7558 ||| FLEEEEING.
  7559 | D:10     | 7559 ||| FLEEEEING.
  7560 | D:10     | 7560 ||| FLEEEEING.
  7561 | D:10     | 7561 ||| FLEEEEING.
  7562 | D:10     | 7562 ||| FLEEEEING.
  7563 | D:10     | 7563 ||| FLEEEEING.
  7564 | D:10     | 7564 ||| FLEEEEING.
  7565 | D:10     | 7565 ||| FLEEEEING.
  7566 | D:10     | 7566 ||| FLEEEEING.
  7568 | D:10     | 7568 ||| FLEEEEING.
  7569 | D:10     | 7569 ||| FLEEEEING.
  7571 | D:10     | 7571 ||| FLEEEEING.
  7572 | D:10     | 7572 ||| FLEEEEING.
  7573 | D:10     | 7573 ||| FLEEEEING.
  7574 | D:10     | 7574 ||| FLEEEEING.
  7579 | D:10     | 7579 ||| FLEEEEING.
  7581 | D:10     | 7581 ||| FLEEEEING.
  7582 | D:10     | 7582 ||| FLEEEEING.
  7583 | D:10     | 7583 ||| FLEEEEING.
  7586 | D:10     | 7586 ||| FLEEEEING.
  7587 | D:10     | 7587 ||| FLEEEEING.
  7588 | D:10     | 7588 ||| FLEEEEING.
  7588 | D:10     | HP: 21/105 [something (8)]
  7589 | D:10     | 7589 ||| FLEEEEING.
  7590 | D:10     | 7590 ||| FLEEEEING.
  7591 | D:10     | 7591 ||| FLEEEEING.
  7592 | D:10     | 7592 ||| FLEEEEING.
  7593 | D:10     | 7593 ||| FLEEEEING.
  7594 | D:10     | 7594 ||| FLEEEEING.
  7595 | D:10     | 7595 ||| FLEEEEING.
  7596 | D:10     | 7596 ||| FLEEEEING.
  7596 | D:10     | HP: 17/105 [something (3)]
  7604 | D:10     | 7604 ||| FLEEEEING.
  7604 | D:10     | HP: 18/105 [something (2)]
  7605 | D:10     | 7605 ||| FLEEEEING.
  7607 | D:10     | HP: 8/105 [something (2)]
  7609 | D:10     | HP: 2/105 [something (3)]
  7610 | D:10     | Mangled by an unseen horror

Levels and vault maps discovered:
D:1:      lightli_molten_gateway, layout_loops_ring
D:2:      layout_rooms, uniq_terence
D:3:      layout_basic, kennysheep_ying_yang, minitemple,
          basic_ecumenical_altar, uniq_robin
D:4:      layout_basic, minmay_temple_entry_drinking_statues, enter_ossuary_1,
          gammafunk_ghost_grave, uniq_blork_the_orc
D:5:      layout_basic, gammafunk_ghost_hive
D:6:      layout_rooms, kiku_gazebo_pond_becter, hangedman_decor_slide_cut
D:7:      hellmonk_crumbling_castle, layout_basic, biasface_ghost_orc_armoury
D:8:      layout_loops_corners, uniq_maggie
D:9:      layout_basic, nicolae_straight_to_the_point
D:10:     lemuel_troll_bridge, layout_stronghold, kennysheep_mini_moat,
          david_lair_generic, orc_0_dummy, abandoned_shop, blue_anna_alchemist

Skill      XL: |  1  2  3  4  5  6  7  8  9 10 11 |
---------------+----------------------------------+-----
Unarmed Combat | 4 5 7 8 9 11 13 14 15 | 15.0
Fighting       | 3 4 5 6 |  6.0
Throwing       | 1 3 |  3.2
Dodging        | 1 |  1.6
Armour         | 1 2 3 |  3.0
Spellcasting   | |  1.0
Fire Magic     | |  2.1

Action                   |  1- 3 |  4- 6 |  7- 9 | 10-12 || total
-------------------------+-------+-------+-------+-------++-------
Melee: Unarmed           |    78 |    63 |   268 |   101 ||   510
       Kick              |       |     8 |    49 |    26 ||    83
       Punch             |       |     1 |    15 |     6 ||    22
Throw: Boomerang         |    24 |    14 |    57 |    48 ||   143
Invok: Fiery Armour      |       |     2 |     2 |       ||     4
  Use: Scroll            |     4 |     3 |    11 |     2 ||    20
       Potion            |       |     1 |     5 |     1 ||     7
Armor: Robe              |    20 |    45 |    59 |       ||   124
       Acid dragon scale |       |       |     5 |    68 ||    73
Dodge: Dodged            |    34 |    34 |    70 |    23 ||   161

Table legend:
 A = Non-vault XP
 B = Vault XP
 C = Vault XP percentage of total XP
 D = Non-vault monster count
 E = Vault monster count
 F = Vault count percentage of total count
                 A         B        C        D         E       F
            +---------+---------+-------+---------+---------+-------
      Total |   10649 |    1748 |  14.1 |     182 |      32 |  15.0
            +---------+---------+-------+---------+---------+-------
        D:1 |      33 |       0 |   0.0 |      20 |       0 |   0.0
        D:2 |      42 |      38 |  47.5 |      15 |       1 |   6.2
        D:3 |      62 |      36 |  36.7 |       9 |      12 |  57.1
        D:4 |     822 |      90 |   9.9 |      37 |       1 |   2.6
        D:5 |     856 |       0 |   0.0 |      20 |       0 |   0.0
        D:6 |     671 |       0 |   0.0 |      12 |       0 |   0.0
        D:7 |     913 |       0 |   0.0 |      10 |       0 |   0.0
        D:8 |     666 |     359 |  35.0 |       9 |       1 |  10.0
        D:9 |    5568 |       0 |   0.0 |      41 |       0 |   0.0
       D:10 |    1016 |     395 |  28.0 |       9 |       2 |  18.2
    Ossuary |       0 |     830 | 100.0 |       0 |      15 | 100.0
            +---------+---------+-------+---------+---------+-------
